 Dungeon Crawl Stone Soup version 0.28-a0-1624-g820543e53a (webtiles) character file.

Game seed: 4309271786660985664

102 HallandMoats the Skirmisher (level 4, -2/40 HPs)
             Began as a Ghoul Fighter on Jan 24, 2022.
             Slain by Sigmund (8 damage)
             ... on level 4 of the Dungeon.
             The game lasted 00:01:48 (1532 turns).

HallandMoats the Skirmisher (Ghoul Fighter)         Turns: 1532, Time: 00:01:49

Health: -2/40      AC:  6    Str: 19    XL:     4   Next: 77%
Magic:  4/4        EV:  9    Int:  5    God:
Gold:   60         SH:  4    Dex:  8    Spells: 3/3 levels left

rFire   . . .      SeeInvis .   a - +0 trident
rCold   + . .      Faith    .   c - +0 buckler
rNeg    + + +      Spirit   .   b - +0 scale mail
rPois   ∞          Reflect  .   (no helmet)
rElec   .          Harm     .   (no cloak)
rCorr   .          Rampage  .   (no gloves)
Will    .....                   (no boots)
Stlth   ..........              (no amulet)
HPRegen 0.00/turn               (no ring)
MPRegen 0.09/turn               (no ring)

@: mighty, inhibited regen
A: claws 1, cold resistance 1, negative energy resistance 3, inhibited
regeneration, torment resistance 2
a: no special abilities


You were on level 4 of the Dungeon.
You visited 1 branch of the dungeon, and saw 3 of its levels.

You collected 60 gold pieces.

Inventory:

Hand Weapons
 a - a +0 trident (weapon)
Armour
 b - a +0 scale mail (worn)
 c - a +0 buckler (worn)
Jewellery
 l - a +6 ring of intelligence
Scrolls
 e - 2 scrolls of teleportation {unknown}
 h - a scroll of identify {unknown}
 i - a scroll of magic mapping {unknown}
Potions
 f - a potion of haste {unknown}
 g - 2 potions of resistance {unknown}
 j - a potion of ambrosia {unknown}
 k - a potion of magic {unknown}


   Skills:
 * Level 3.9 Fighting
 * Level 2.6 Polearms
 + Level 2.9 Armour
 + Level 1.0 Dodging
 + Level 3.0 Shields
 * Level 2.0 Invocations


You had 3 spell levels left.
You didn't know any spells.
Your spell library contained the following spells:

 Spells                   Type           Power      Damage    Failure   Level
 Inner Flame              Hex/Fire       0%         N/A       99%         3
 Cause Fear               Hex            0%         N/A       100%        4
 Discord                  Hex            0%         N/A       100%        8


Dungeon Overview and Level Annotations

Branches:
Dungeon (2/15)

Altars:

Annotations:
D:4 Sigmund


Innate Abilities, Weirdness & Mutations

You thrive by killing the living.
You are immune to poison.
You have sharp fingernails.
Your flesh is cold resistant. (rC+)
You are immune to negative energy. (rN+++)
You do not regenerate when monsters are visible.
You are immune to unholy pain and torment.


Message History

No target in view!
No target in view!
No target in view!
No target in view!
No target in view!
You see here a jackal corpse.
Found an escape hatch in the floor.
Found a stone staircase leading down.
A sourceless malevolence fills the Dungeon...
You fall into a shaft and drop 2 floors!
The shaft crumbles and collapses.
Sigmund and an adder come into view.
Sigmund shouts!
The adder hisses angrily.
Found a scroll labelled ERGHAE YFOALAIV and 2 fuming dark potions.
Found a stone staircase leading down.
You feel very mighty all of a sudden. The adder closely misses you. x2
You barely miss the adder.
Sigmund mumbles some strange words.
Sigmund flickers and vanishes!
Deactivating autopickup; reactivate with Ctrl-A.
The adder bites you but does no damage.
You closely miss the adder. The adder bites you but does no damage.
The adder bites you.
You puncture the adder!
You kill the adder!
Something hits you!
Your Invocations skill increases to level 2!
You see here an adder corpse.
You closely miss something. Something hits you.
You closely miss something. Something hits you.
You miss something.
You hear some strange, mumbled words.
A magic dart appears from out of thin air!
The magic dart hits you.
* * * LOW HITPOINT WARNING * * *
You barely miss something. Something hits you.
* * * LOW HITPOINT WARNING * * *
You puncture something! Something hits you!
You die...

... ... #.#
##.#######
.........
#........ #.#
#.# ###@#
#.?{# #...#
#.......#
#....>..#
#.!.....S.
...#.........
#.###....#####
#. ###..#


There were no monsters in sight!

Vanquished Creatures
  4 adders
  A worm (D:2)
  2 dart slugs (D:1)
  4 ball pythons
  3 endoplasms
  2 giant cockroaches
  3 goblins (D:1)
  3 hobgoblins (D:1)
  10 jackals
  5 kobolds
  2 quokkas
  6 bats
  2 frilled lizards
  8 rats
55 creatures vanquished.

Notes
Turn   | Place    | Note
-------+----------+-------------------------------------------
     0 | D:1      | HallandMoats the Ghoul Fighter began the quest for the Orb.
     0 | D:1      | Reached XP level 1. HP: 19/19 MP: 0/0
   131 | D:1      | Reached XP level 2. HP: 26/26 MP: 1/1
   352 | D:1      | Reached skill level 1 in Invocations
   481 | D:1      | Reached XP level 3. HP: 31/31 MP: 2/2
   890 | D:2      | Reached XP level 4. HP: 29/40 MP: 4/4
  1302 | D:2      | Reached skill level 1 in Dodging
  1517 | D:2      | You fall into a shaft and drop 2 floors!
  1517 | D:4      | Noticed Sigmund
  1532 | D:4      | Slain by Sigmund

Illustrated notes

Levels and vault maps discovered:
D:1:      minmay_arrival_doors, layout_loops_ring, minmay_bisected
D:2:      layout_rooms
D:4:      layout_loops_ring, temple_green, serial_shops, shop,
          kennysheep_flooded_box, minmay_quantized, uniq_sigmund, uniq_duvessa

Skill      XL: |  1  2  3  4 |
---------------+-------------+-----
Polearms       | 2 |  2.6
Invocations    | 1 2 |  2.0
Dodging        | 1 |  1.0
Shields        | 3 |  3.0
Fighting       | |  3.9
Armour         | |  2.9

Action                   |  1- 3 |  4- 6 || total
-------------------------+-------+-------++-------
Melee: Trident           |   118 |    68 ||   186
  Use: Potion            |       |     1 ||     1
Armor: Scale mail        |    66 |    23 ||    89
Dodge: Dodged            |    72 |    22 ||    94
Block: Buckler           |    20 |    10 ||    30

Table legend: (Time is in decaauts)
 A = Elapsed time spent in this place.
 B = Non-inter-level travel time spent in this place.
 C = Inter-level travel time spent in this place.
 D = Time resting spent in this place.
 E = Time spent auto-exploring this place.
 F = Levels seen in this place.
 G = Mean time per level.
                   A        B        C        D        E       F      G
               +--------+--------+--------+--------+--------+-----+--------+
         Total |   1574 |   1533 |     41 |      0 |   1187 |   3 |  524.7 |
       Dungeon |   1574 |   1533 |     41 |      0 |   1187 |   3 |  524.7 |
               +--------+--------+--------+--------+--------+-----+--------+

Top non-repeatable levels by time:
     D:2: 787 daAuts
     D:1: 770 daAuts
     D:4: 16 daAuts
